 Dungeon Crawl Stone Soup version 0.28-a0-1002-gf00fe891ef (console) character file.

Game seed: 12919985548679830846

102409 jejorda2 the Tortoise (level 16, -7/193 HPs)
             Began as a Gnoll Berserker on Dec 6, 2021.
             Was a High Priest of Trog.
             Killed from afar by a deep elf zephyrmancer (28 damage)
             ... with a bolt of lightning
             ... on level 13 of the Dungeon.
             The game lasted 01:07:27 (24018 turns).

jejorda2 the Tortoise (Gnoll Berserker)            Turns: 24018, Time: 01:07:27

Health: -7/193     AC: 27    Str: 23    XL:     16   Next: 33%
Magic:  30/30      EV: 14    Int:  7    God:    Trog [*****.]
Gold:   2423       SH: 12    Dex: 18    Spells: 36/36 levels left

rFire   . . .      SeeInvis .   a - +7 broad axe {speed, +Blink Will- Stlth+}
rCold   . . .      Faith    .   U - +0 kite shield
rNeg    . . .      Spirit   .   R - +1 chain mail "Uppolagi" {rPois rCorr Dex+2 Slay+3}
rPois   +          Reflect  .   (no helmet)
rElec   .          Harm     .   i - +2 cloak {Will+}
rCorr   +          Rampage  .   y - +0 pair of gloves {Dex+3}
Will    ++++.                   j - +2 pair of boots
Stlth   ..........              A - amulet of regeneration
HPRegen 2.22/turn               I - +4 ring of protection
MPRegen 0.22/turn               v - ring of willpower

@: berserking, strong-willed (expiring), regenerating (expiring), studying
Armour, very quick
A: fangs 1, strong nose, distributed training
a: Renounce Religion, Evoke Blink, Berserk, Trog's Hand, Brothers in Arms


You were on level 13 of the Dungeon.
You worshipped Trog.
Trog was extremely pleased with you.
You visited 3 branches of the dungeon, and saw 21 of its levels.
You also visited: Bailey and Gauntlet.

You collected 2619 gold pieces.
You spent 196 gold pieces at shops.

Inventory:

Hand Weapons
 a - the +7 broad axe of Punishment (weapon) {speed, +Blink Will- Stlth+}
   (You acquired it on level 6 of the Dungeon)

   Attacks with this weapon are significantly faster.
   +Blink:    It lets you blink.
   Will:      It decreases your willpower.
   Stlth:     It makes you more stealthy.
 b - a +1 rapier of speed
Missiles
 c - 8 boomerangs
 f - 434 stones
 n - 53 poisoned darts (quivered)
 x - 5 curare-tipped darts
 Q - 11 silver javelins
 Z - 2 throwing nets
Armour
 i - a +2 cloak of willpower (worn)
 j - a +2 pair of boots (worn)
 y - a +0 pair of gloves of dexterity (worn)
 R - the +1 chain mail "Uppolagi" (worn) {rPois rCorr Dex+2 Slay+3}
   (You took it off a minotaur in a Gauntlet)

   Dex:       It affects your dexterity (+2).
   Slay:      It affects your accuracy & damage with ranged weapons and melee
   (+3).
   rPois:     It protects you from poison.
   rCorr:     It protects you from acid and corrosion.
 U - a +0 kite shield (worn)
 Y - a +0 plate armour of cold resistance
Jewellery
 g - a ring of ice
 h - a ring of positive energy
 v - a ring of willpower (right hand)
 w - a ring of poison resistance
 A - an amulet of regeneration (around neck)
 I - a +4 ring of protection (left hand)
 O - the ring "Xet Gon" {Fly SInv}
   (You found it in a Gauntlet)

   [ring of flight]

   SInv:      It lets you see invisible.
   Fly:       It grants you flight.
 T - a ring of protection from cold
Wands
 o - a wand of digging (5)
 t - a wand of acid (14)
 z - a wand of charming (11)
 C - a wand of paralysis (5)
 H - a wand of polymorph (13)
 K - a wand of flame (21)
 L - a wand of iceblast (21)
 S - a wand of mindburst (18)
Scrolls
 e - a scroll of fear
 k - a scroll of blinking
 p - 8 scrolls of teleportation
 E - 3 scrolls of fog
 M - 4 scrolls of identify
 N - a scroll of enchant weapon
 W - a scroll of silence
Potions
 d - 3 potions of lignification
 l - 3 potions of mutation
 m - a potion of invisibility
 q - 4 potions of might
 r - 4 potions of flight
 u - 3 potions of haste
 B - 3 potions of cancellation
 D - 2 potions of curing
 F - a potion of heal wounds
 G - 2 potions of attraction
 P - a potion of berserk rage
 V - 7 potions of ambrosia
 X - a potion of resistance
Miscellaneous
 s - a phial of floods


   Skills:
 + Level 12.5 Fighting
 + Level 10.8 Short Blades
 + Level 10.8 Long Blades
 + Level 12.5 Axes
 + Level 10.8 Maces & Flails
 + Level 10.8 Polearms
 + Level 10.8 Staves
 + Level 10.8 Slings
 + Level 10.8 Bows
 + Level 10.8 Crossbows
 + Level 10.8 Throwing
 + Level 15.1 Armour
 + Level 11.7 Dodging
 + Level 10.8 Stealth
 + Level 10.8 Shields
 + Level 10.8 Unarmed Combat
 + Level 10.8 Spellcasting
 + Level 9.1 Conjurations
 + Level 9.1 Hexes
 + Level 9.1 Summonings
 + Level 9.1 Necromancy
 + Level 9.1 Translocations
 + Level 9.1 Transmutations
 + Level 9.1 Fire Magic
 + Level 9.1 Ice Magic
 + Level 9.1 Air Magic
 + Level 9.1 Earth Magic
 + Level 9.1 Poison Magic
 + Level 11.7 Invocations
 + Level 10.8 Evocations


You had 36 spell levels left.
You didn't know any spells.
Your spell library was empty.

Dungeon Overview and Level Annotations

Branches:
Dungeon (13/15)            Temple (0/1) D:6            Lair (6/6) D:10
 Shoals (0/4) Lair:3       Spider (0/4) Lair:3        Slime (0/5) Lair:6
    Orc (2/2) D:12            Elf (0/3) Orc:2        Bailey (visited)
Gauntlet (visited)
 Vaults: D:13-14

Altars:
Cheibriados
Elyvilon
Fedhas
Okawaru
Ru
Uskayaw
Wu Jian
Xom
Yredelemnul
The Shining One
Beogh
Jiyva

Shops:
D:4 =(   D:6 (   D:11 =   Orc:2 =*(*=

Annotations:
Lair:6 1 runed translucent door


Innate Abilities, Weirdness & Mutations

You have very sharp teeth.
Your uncanny sense of smell can sniff out nearby items.
Your experience applies equally to all skills.


Message History

The centaur is lightly wounded.
You feel the effects of Trog's Hand fading.
The centaur hits you but does no damage.
The centaur kicks you but does no damage.
The orc knight roars a battlecry!
The orc goes into a battle-frenzy!
You barely miss the centaur.
The centaur is lightly wounded.
The centaur misses you. The centaur closely misses you.
The deep elf zephyrmancer mumbles some strange words.
The deep elf zephyrmancer blinks!
You slash the centaur!
The centaur is severely wounded.
The centaur closely misses you. x2
An orc priest comes into view. It is wielding a +0 whip.
The centaur hits you but does no damage.
The centaur misses you.
Unknown command.
The orc priest shouts!
You slash the centaur!
You kill the centaur!
Trog accepts your kill.
You slice the orc knight!! Your bite misses the orc knight.
The orc knight is heavily wounded.
You barely miss the orc knight. Your bite misses the orc knight.
The orc knight is heavily wounded.
You block the orc knight's attack.
You hit the orc knight but do no damage.
The orc knight is heavily wounded.
The deep elf zephyrmancer casts a spell at you.
The bolt of lightning hits you!!
* * * LOW HITPOINT WARNING * * *
The orc knight hits you with a +1 battleaxe.
* * * LOW HITPOINT WARNING * * *
A red film seems to cover your vision as you go berserk!
You feel yourself moving faster!
You feel mighty! The deep elf archer misses you.
The deep elf zephyrmancer casts a spell at you.
The bolt of lightning hits you!!
You die...

..# . #..##. ∆
#............ .. #.#..#.#
##........... ##.#..#.#
##.......... .........
#.........#
##.#..#.#######..########
.......e......#.##
................#
##.#..#)#######.##
.....oeo@)# #..##
##.#.o#e##..# ##..## #
#..#.# .# ##(.## #. ##. ∆
# ##..## #. . #...#### #
## ##...... ##...## #####


You could see an orc knight, a deep elf archer (repels missiles), 2 deep elf
zephyrmancers, an orc priest and an orc (strong).

Vanquished Creatures
  Rupert (D:12)
  The ghost of r3xj the Bludgeoner, a journeyman MiBe of Trog (Lair:4)
  A minotaur (Gauntlet)
  8 hydras
  A death knight (D:13)
  2 ogre magi
  3 boulder beetles
  3 catoblepae (Lair:6)
  A centaur warrior (D:13)
  15 two-headed ogres
  21 death yaks
  An orc high priest (Orc:1)
  A soul eater (Gauntlet)
  2 skeletal warriors (D:13)
  A fire crab (Lair:6)
  2 deep trolls (Orc:2)
  4 orc knights
  A wolf spider zombie (D:9)
  3 deep elf pyromancers (D:13)
  Pikel (D:5)
  5 manticores
  An orc sorcerer (Orc:1)
  2 cyclopes (Orc:2)
  22 elephants
  Maurice (D:10)
  A moth of wrath (Gauntlet)
  8 black mambas
  Joseph (D:8)
  16 cane toads
  2 gargoyles (D:12)
  2 freezing wraiths (D:13)
  5 kobold demonologists (D:9)
  13 komodo dragons
  A rime drake (Lair:3)
  2 hellwings (D:9)
  A meliai (Lair:4)
  A queen bee (Lair:4)
  5 polar bears
  2 jumping spiders (Lair:3)
  14 trolls
  A hornet (Lair:4)
  11 blink frogs
  A dream sheep (Lair:3)
  2 wraiths
  Sigmund (D:5)
  6 wyverns
  5 redbacks
  2 shadows
  45 yaks
  3 vampires
  Eustachio (D:6)
  8 basilisks
  A steam dragon (D:7)
  6 vampire mosquitoes
  2 acid dragons
  2 wargs (D:12)
  15 water moccasins
  Duvessa (D:5)
  2 sky beasts (D:7)
  An ice beast (D:7)
  30 orc warriors
  2 hornet zombies
  24 ogres
  4 wolves (Lair:4)
  7 centaurs
  3 phantoms
  7 kobold brigands
  11 bullfrogs
  Dowan (D:5)
  4 killer bees (Lair:4)
  3 howler monkeys
  4 wights (D:7)
  3 electric eels (Lair:3)
  5 centaur zombies
  17 orc priests
  A hound (D:5)
  A bullfrog skeleton (D:5)
  Crazy Yiuf (D:2)
  A gnoll shaman (Orc:1)
  2 iguanas
  5 centaur skeletons
  27 orc wizards
  A hound zombie (D:5)
  A howler monkey zombie (D:8)
  4 gnolls
  6 adders
  7 shadow imps
  A white imp (D:7)
  4 worms
  89 orcs
  10 ball pythons
  6 endoplasms
  4 giant cockroaches
  5 goblins
  6 hobgoblins
  2 jackals (D:3)
  19 kobolds
  3 bats (D:3)
  4 frilled lizards
  3 rats
  3 bushes (D:10)
635 creatures vanquished.

Vanquished Creatures (collateral kills)
  An orc warlord (Orc:2)
  An ogre mage (Orc:2)
  A catoblepas (Gauntlet)
  A gargoyle (Gauntlet)
  4 orc warriors (Orc:2)
  An ogre (Orc:2)
  An orc priest (Orc:2)
  An orc wizard (Orc:2)
  2 orcs (Orc:2)
13 creatures vanquished.

Vanquished Creatures (others)
  An orc wizard (D:6)
  A shadow imp (D:9)
  2 bushes (D:10)
  18 fungi
  65 plants
  2 withered plants (D:9)
89 creatures vanquished.

Grand Total: 737 creatures vanquished

Notes
Turn   | Place    | Note
-------+----------+-------------------------------------------
     0 | D:1      | jejorda2 the Gnoll Berserker began the quest for the Orb.
     0 | D:1      | Reached XP level 1. HP: 23/23 MP: 1/1
   160 | D:1      | Reached XP level 2. HP: 29/29 MP: 2/2
   322 | D:1      | Found a faded altar of an unknown god.
   903 | D:2      | Reached XP level 3. HP: 32/35 MP: 3/3
  1453 | D:2      | Found a runed translucent door.
  1454 | D:2      | Noticed Crazy Yiuf
  1460 | D:2      | Killed Crazy Yiuf
  1461 | D:2      | Reached skill level 1 in Short Blades
  1461 | D:2      | Reached skill level 1 in Long Blades
  1461 | D:2      | Reached skill level 1 in Maces & Flails
  1461 | D:2      | Reached skill level 1 in Polearms
  1461 | D:2      | Reached skill level 1 in Staves
  1461 | D:2      | Reached skill level 1 in Slings
  1461 | D:2      | Reached skill level 1 in Bows
  1461 | D:2      | Reached skill level 1 in Crossbows
  1461 | D:2      | Reached skill level 1 in Throwing
  1461 | D:2      | Reached skill level 1 in Stealth
  1461 | D:2      | Reached skill level 1 in Shields
  1461 | D:2      | Reached skill level 1 in Unarmed Combat
  1461 | D:2      | Reached skill level 1 in Spellcasting
  1461 | D:2      | Reached skill level 1 in Invocations
  1461 | D:2      | Reached skill level 1 in Evocations
  1461 | D:2      | Reached XP level 4. HP: 41/41 MP: 5/5
  1730 | D:3      | Reached ** piety under Trog
  1835 | D:3      | Reached skill level 1 in Conjurations
  1835 | D:3      | Reached skill level 1 in Hexes
  1835 | D:3      | Reached skill level 1 in Summonings
  1835 | D:3      | Reached skill level 1 in Necromancy
  1835 | D:3      | Reached skill level 1 in Translocations
  1835 | D:3      | Reached skill level 1 in Transmutations
  1835 | D:3      | Reached skill level 1 in Fire Magic
  1835 | D:3      | Reached skill level 1 in Ice Magic
  1835 | D:3      | Reached skill level 1 in Air Magic
  1835 | D:3      | Reached skill level 1 in Earth Magic
  1835 | D:3      | Reached skill level 1 in Poison Magic
  2166 | D:3      | Reached XP level 5. HP: 33/47 MP: 5/7
  2753 | D:4      | Noticed an ogre
  2759 | D:4      | Killed an ogre
  2760 | D:4      | Reached XP level 6. HP: 36/53 MP: 8/8
  2936 | D:4      | Found a basalt altar of Yredelemnul.
  3257 | D:4      | Found Soskaf's Jewellery Shop.
  3337 | D:4      | Found Ettun's Weapon Shoppe.
  3557 | D:5      | Entered Level 5 of the Dungeon
  3806 | D:5      | Noticed Sigmund
  3821 | D:5      | Killed Sigmund
  3822 | D:5      | Reached skill level 5 in Armour
  3822 | D:5      | Reached skill level 5 in Dodging
  3858 | D:5      | Noticed Pikel
  3867 | D:5      | Reached XP level 7. HP: 54/59 MP: 10/10
  3875 | D:5      | Killed Pikel
  3876 | D:5      | Reached XP level 8. HP: 67/67 MP: 10/12
  3879 | D:5      | Noticed Dowan
  3883 | D:5      | Noticed Duvessa
  3923 | D:5      | Killed Dowan
  3933 | D:5      | Killed Duvessa
  4286 | D:5      | Found a blossoming altar of Fedhas.
  4351 | D:5      | Found a sacrificial altar of Ru.
  4925 | D:6      | Noticed Eustachio
  5067 | D:6      | Killed Eustachio
  5068 | D:6      | Reached skill level 6 in Armour
  5068 | D:6      | Reached XP level 9. HP: 73/73 MP: 14/14
  5201 | D:6      | Found Ydubboim's Hydra Hut.
  5204 | D:6      | Noticed a seven-headed hydra
  5311 | D:4      | Bought a +0 rapier of speed for 196 gold pieces
  5351 | D:6      | Found a staircase to the Ecumenical Temple.
  5780 | D:6      | Found a shimmering altar of Xom.
  5900 | D:6      | Identified 2 scrolls of acquirement
  5900 | D:6      | Acquired the +7 broad axe of Punishment {speed, +Blink
                  | Will- Stlth+}
  5903 | D:6      | Acquired a manual of Armour
  6080 | D:7      | Reached skill level 5 in Invocations
  6103 | D:7      | Reached skill level 7 in Armour
  6105 | D:7      | Reached *** piety under Trog
  6638 | D:7      | Found a glowing golden altar of the Shining One.
  6897 | D:8      | Found an ornate altar of the Wu Jian Council.
  6899 | D:8      | Noticed Joseph
  6917 | D:8      | Killed Joseph
  6918 | D:8      | Reached XP level 10. HP: 75/80 MP: 17/17
  7304 | D:8      | Reached skill level 5 in Short Blades
  7304 | D:8      | Reached skill level 5 in Long Blades
  7304 | D:8      | Reached skill level 5 in Maces & Flails
  7304 | D:8      | Reached skill level 5 in Polearms
  7304 | D:8      | Reached skill level 5 in Staves
  7304 | D:8      | Reached skill level 5 in Slings
  7304 | D:8      | Reached skill level 5 in Bows
  7304 | D:8      | Reached skill level 5 in Crossbows
  7304 | D:8      | Reached skill level 5 in Throwing
  7304 | D:8      | Reached skill level 5 in Stealth
  7304 | D:8      | Reached skill level 5 in Shields
  7304 | D:8      | Reached skill level 5 in Unarmed Combat
  7304 | D:8      | Reached skill level 5 in Spellcasting
  7304 | D:8      | Reached skill level 5 in Evocations
  7693 | D:9      | Noticed a kobold demonologist
  7693 | D:9      | Noticed a kobold demonologist
  7706 | D:9      | Killed a kobold demonologist
  7841 | D:9      | Found an iron altar of Okawaru.
  7846 | D:9      | Noticed a soul eater
  7851 | D:9      | Noticed a rust devil
  7852 | D:9      | Killed a kobold demonologist
  8260 | D:9      | Reached skill level 8 in Armour
  8325 | D:9      | Reached **** piety under Trog
  8331 | D:9      | Reached XP level 11. HP: 64/87 MP: 19/19
  8526 | D:9      | Reached skill level 5 in Conjurations
  8526 | D:9      | Reached skill level 5 in Hexes
  8526 | D:9      | Reached skill level 5 in Summonings
  8526 | D:9      | Reached skill level 5 in Necromancy
  8526 | D:9      | Reached skill level 5 in Translocations
  8526 | D:9      | Reached skill level 5 in Transmutations
  8526 | D:9      | Reached skill level 5 in Fire Magic
  8526 | D:9      | Reached skill level 5 in Ice Magic
  8526 | D:9      | Reached skill level 5 in Air Magic
  8526 | D:9      | Reached skill level 5 in Earth Magic
  8526 | D:9      | Reached skill level 5 in Poison Magic
  8530 | D:9      | Reached skill level 9 in Armour
  9000 | D:9      | Found a hide-covered altar of Uskayaw.
  9283 | D:10     | Entered Level 10 of the Dungeon
  9286 | D:10     | Found a snail-covered altar of Cheibriados.
  9286 | D:10     | Noticed a two-headed ogre
  9295 | D:10     | Killed a two-headed ogre
  9321 | D:10     | Found a white marble altar of Elyvilon.
  9321 | D:10     | Noticed Maurice
  9333 | D:10     | Killed Maurice
  9350 | D:10     | Found a staircase to the Lair.
  9386 | D:10     | Found a runed translucent door.
  9480 | D:10     | Found a flagged portal.
  9490 | Bailey   | Entered a bailey
 10008 | Bailey   | Noticed an orc knight
 10008 | Bailey   | Noticed an orc knight
 10014 | Bailey   | Killed an orc knight
 10016 | Bailey   | Killed an orc knight
 10474 | D:10     | Reached skill level 10 in Armour
 10486 | D:10     | Reached XP level 12. HP: 81/96 MP: 22/22
 10835 | D:10     | Noticed a two-headed ogre
 10848 | D:10     | Killed a two-headed ogre
 11384 | D:11     | Found Xanobria's Jewellery Shop.
 11392 | D:11     | Identified the +4 leather armour of the Lobster {Drain rF+
                  | Stlth+}
 12401 | Lair:1   | Entered Level 1 of the Lair of Beasts
 12729 | Lair:1   | Noticed a seven-headed hydra
 12742 | Lair:1   | Killed a seven-headed hydra
 12747 | Lair:1   | Reached skill level 10 in Fighting
 12747 | Lair:1   | Reached skill level 10 in Axes
 13587 | Lair:2   | Found a gate leading to a gauntlet.
 13602 | Gauntlet | Entered a Gauntlet
 13602 | Gauntlet | Found a transporter.
 13602 | Gauntlet | Found a transporter.
 13610 | Gauntlet | Noticed a soul eater
 13620 | Gauntlet | Found a transporter.
 13624 | Gauntlet | Found a transporter.
 13631 | Gauntlet | Found the +2 ratskin cloak {*Rats rPois rN+ Str-1 Int-1
                  | Dex+1}
 13636 | Gauntlet | Found a transporter.
 13644 | Gauntlet | Found a transporter.
 13660 | Gauntlet | Found a transporter.
 13674 | Gauntlet | Found a transporter.
 13678 | Gauntlet | Found a transporter.
 13684 | Gauntlet | Noticed a catoblepas
 13686 | Gauntlet | Found a transporter.
 13690 | Gauntlet | Found a transporter.
 13767 | Gauntlet | Killed a soul eater
 13768 | Gauntlet | Reached skill level 11 in Armour
 13840 | Gauntlet | Found a transporter.
 13879 | Gauntlet | Killed a catoblepas
 14083 | Gauntlet | Identified the ring "Xet Gon" {Fly SInv}
 14182 | Gauntlet | Identified the +7 falchion "Tyis" {vorpal, Int+4}
 14182 | Gauntlet | Identified the +1 chain mail "Uppolagi" {rPois rCorr Dex+2
                  | Slay+3}
 14182 | Gauntlet | Noticed a minotaur
 14192 | Gauntlet | Killed a minotaur
 14200 | Gauntlet | Identified the +3 leather armour of Ashenzari's Anger
                  | {*Corrode rPois rC+ Int+3}
 14450 | Lair:2   | Identified the +1 leather armour of Diutyq {rF+++ rC++
                  | Will+ Stlth-}
 14659 | Lair:3   | Found a hole to the Spider Nest.
 14704 | Lair:3   | Reached XP level 13. HP: 72/83 MP: 24/24
 15163 | Lair:3   | Found a staircase to the Shoals.
 15538 | Lair:3   | Reached skill level 12 in Armour
 16182 | Lair:3   | Reached ***** piety under Trog
 16809 | Lair:4   | Reached skill level 10 in Dodging
 16809 | Lair:4   | Reached XP level 14. HP: 113/113 MP: 26/26
 16834 | Lair:4   | Received a gift from Trog
 16906 | Lair:4   | Found a transporter.
 16914 | Lair:4   | Found a transporter.
 16915 | Lair:4   | Noticed r3xj's ghost (journeyman MiBe)
 17556 | Lair:4   | Killed r3xj's ghost
 17774 | Lair:5   | Reached skill level 10 in Invocations
 17777 | Lair:5   | Reached skill level 13 in Armour
 18725 | Lair:5   | Identified the +3 robe of Caustic Awe {rN+ Str+4}
 18792 | Lair:6   | Entered Level 6 of the Lair of Beasts
 19107 | Lair:6   | Found a runed translucent door.
 19107 | Lair:6   | Found a viscous altar of Jiyva.
 19108 | Lair:6   | Found a staircase to the Slime Pits.
 19234 | Lair:6   | Reached XP level 15. HP: 96/120 MP: 28/28
 19600 | Lair:6   | Reached skill level 14 in Armour
 19648 | Lair:6   | Reached skill level 10 in Short Blades
 19648 | Lair:6   | Reached skill level 10 in Long Blades
 19648 | Lair:6   | Reached skill level 10 in Maces & Flails
 19648 | Lair:6   | Reached skill level 10 in Polearms
 19648 | Lair:6   | Reached skill level 10 in Staves
 19648 | Lair:6   | Reached skill level 10 in Slings
 19648 | Lair:6   | Reached skill level 10 in Bows
 19648 | Lair:6   | Reached skill level 10 in Crossbows
 19648 | Lair:6   | Reached skill level 10 in Throwing
 19648 | Lair:6   | Reached skill level 10 in Stealth
 19648 | Lair:6   | Reached skill level 10 in Shields
 19648 | Lair:6   | Reached skill level 10 in Unarmed Combat
 19648 | Lair:6   | Reached skill level 10 in Spellcasting
 19648 | Lair:6   | Reached skill level 10 in Evocations
 20407 | D:12     | Noticed Rupert
 20420 | D:12     | Killed Rupert
 20837 | D:12     | Found a staircase to the Orcish Mines.
 21193 | Orc:1    | Entered Level 1 of the Orcish Mines
 21449 | Orc:2    | Entered Level 2 of the Orcish Mines
 21470 | Orc:2    | Found Xeucsoh's Jewellery Boutique.
 21474 | Orc:2    | Received a gift from Trog
 21614 | Orc:2    | Found Baten's General Store.
 21634 | Orc:2    | HP: 1/121 [orc warrior (21)]
 21771 | Orc:2    | Noticed an orc warlord
 21781 | Orc:2    | Killed an orc warlord
 21853 | Orc:2    | Reached XP level 16. HP: 128/128 MP: 30/30
 21983 | Orc:2    | Found Esemmytt's Weapon Boutique.
 21991 | Orc:2    | Found Yseracs's Assorted Antiques.
 21992 | Orc:2    | Found Peyguz's Jewellery Emporium.
 22182 | Orc:2    | Found a staircase to the Elven Halls.
 22263 | Orc:2    | Identified the +3 dire flail of Exchange {vorpal, rF+}
                  | (Trog gifted it to you on level 2 of the Orcish Mines)
 22263 | Orc:2    | Received a gift from Trog
 23230 | D:13     | Found a hide-covered altar of Uskayaw.
 23603 | D:13     | Reached skill level 15 in Armour
 24018 | D:13     | Killed from afar by a deep elf zephyrmancer

Illustrated notes

Levels and vault maps discovered:
D:1:      matt_arrival_spirals, layout_loops_ring,
          hellmonk_ecumenical_altar_blasted,
          hangedman_abyss_or_decor_lesser_grid
D:2:      layout_loops_ring, uniq_crazy_yiuf_cottage
D:3:      minmay_bubble_buster, layout_loops_ring, minmay_misc_feat_x,
          grunt_ministairs_5
D:4:      layout_basic, yredelemnul_altar_generic, serial_shops, shop,
          nicolae_take_the_stairs
D:5:      layout_loops_ring, mainiacjoe_overflow_surrounded_room,
          mainiacjoe_overflow_small_starburst, grunt_decor_mini_mirrors,
          uniq_duvessa, uniq_sigmund, uniq_pikel
D:6:      layout_loops_ring, tgw_xom, minmay_temple_entry_mini_moons,
          doesnt_shop_hydraphobe, uniq_eustachio
D:7:      layout_loops_ring, lemuel_doored_altar
D:8:      layout_loops_corners, mainiacjoe_overflow_catwalk, uniq_joseph
D:9:      cheibrodos_grave_circle, layout_cave_pods,
          mainiacjoe_overflow_alcove_1, okawaru_metal_pillars_1_2
D:10:     layout_long_grid, mainiacjoe_overflow_catch_the_wave,
          david_lair_shrubbed, enter_bailey_6, lightli_church_of_beogh,
          uniq_maurice
D:11:     layout_gridville, serial_shops, nicolae_shop_window_shopping
D:12:     layout_small_grid, david_orc_4, uniq_rupert
D:13:     layout_layer_cave, hangedman_vaults_entry_quadrant_bands,
          eat_drink_and_be_merry_uskayaw
Lair:1:   gammafunk_indiana_jones, layout_loops_ring, minivault_25,
          small_statue_intersection
Lair:2:   layout_roguey, gauntlet_entry_generic, grunt_megastairs_2,
          serial_bayou_shore_a
Lair:3:   nzn_winding_woodlands_huge [nzn_winding_woodlands_5x15_pool,
          nzn_winding_woodlands_5x15_longhouse,
          nzn_winding_woodlands_5x15_jagged,
          nzn_winding_woodlands_5x15_lazy_stream,
          nzn_winding_woodlands_5x15_zeroes, nzn_winding_woodlands_5x15_cabin,
          nzn_winding_woodlands_5x15_river_crossing,
          nzn_winding_woodlands_5x15_crooked,
          nzn_winding_woodlands_5x15_default, nzn_winding_woodlands_5x15_garden,
          nzn_winding_woodlands_center_garden,
          nzn_winding_woodlands_center_triple_pond,
          nzn_winding_woodlands_15x15_eel_pit], layout_regular_city,
          elwin_shoals_entry_rocks, nicolae_spider_entry_tight_spaces,
          guppyfry_lair_drakes
Lair:4:   layout_regular_city, gammafunk_ghost_hive,
          chequers_serial_rivers_room_b, serial_bayou_shore_b
Lair:5:   layout_layer_cave, infiniplex_staircase_pool
Lair:6:   evilmike_catoblepas_cave, layout_hall_layers, slime_altar_2,
          grunt_megastairs_3
Orc:1:    layout_caves
Orc:2:    st_orc_open, layout_caves, serial_shops, nicolae_shop_stone

Skill      XL: |  1  2  3  4  5  6  7  8  9 10 11 12 13 14 15 16 |
---------------+-------------------------------------------------+-----
Short Blades   | 1 2 3 4 5 6 7 8 9 10 | 10.8
Long Blades    | 1 2 3 4 5 6 7 8 9 10 | 10.8
Maces & Flails | 1 2 3 4 5 6 7 8 9 10 | 10.8
Polearms       | 1 2 3 4 5 6 7 8 9 10 | 10.8
Staves         | 1 2 3 4 5 6 7 8 9 10 | 10.8
Slings         | 1 2 3 4 5 6 7 8 9 10 | 10.8
Bows           | 1 2 3 4 5 6 7 8 9 10 | 10.8
Crossbows      | 1 2 3 4 5 6 7 8 9 10 | 10.8
Throwing       | 1 2 3 4 5 6 7 8 9 10 | 10.8
Stealth        | 1 2 3 4 5 6 7 8 9 10 | 10.8
Shields        | 1 2 3 4 5 6 7 8 9 10 | 10.8
Unarmed Combat | 1 2 3 4 5 6 7 8 9 10 | 10.8
Spellcasting   | 1 2 3 4 5 6 7 8 9 10 | 10.8
Invocations    | 1 2 3 4 5 6 7 8 9 10 11 | 11.7
Evocations     | 1 2 3 4 5 6 7 8 9 10 | 10.8
Conjurations   | 1 2 3 4 5 6 7 8 9 |  9.1
Hexes          | 1 2 3 4 5 6 7 8 9 |  9.1
Summonings     | 1 2 3 4 5 6 7 8 9 |  9.1
Necromancy     | 1 2 3 4 5 6 7 8 9 |  9.1
Translocations | 1 2 3 4 5 6 7 8 9 |  9.1
Transmutations | 1 2 3 4 5 6 7 8 9 |  9.1
Fire Magic     | 1 2 3 4 5 6 7 8 9 |  9.1
Ice Magic      | 1 2 3 4 5 6 7 8 9 |  9.1
Air Magic      | 1 2 3 4 5 6 7 8 9 |  9.1
Earth Magic    | 1 2 3 4 5 6 7 8 9 |  9.1
Poison Magic   | 1 2 3 4 5 6 7 8 9 |  9.1
Armour         | 5 6 7 8 10 11 12 13 14 15 | 15.1
Dodging        | 5 6 7 8 9 10 11 | 11.7
Fighting       | 7 8 9 10 11 12 | 12.5
Axes           | 7 8 9 10 11 12 | 12.5

Action                   |  1- 3 |  4- 6 |  7- 9 | 10-12 | 13-15 | 16-18 || total
-------------------------+-------+-------+-------+-------+-------+-------++-------
Melee: Hand axe          |    48 |       |       |       |       |       ||    48
       Bite              |     3 |    10 |    13 |    58 |   150 |    30 ||   264
       Quarterstaff      |       |   116 |    94 |       |       |       ||   210
       Broad axe         |       |       |    75 |   459 |   851 |   137 ||  1522
       Rapier            |       |       |    21 |       |    56 |    16 ||    93
       Punch             |       |       |     1 |    17 |    18 |       ||    36
       Morningstar       |       |       |       |     7 |       |       ||     7
Throw: Stone             |    11 |       |       |       |       |       ||    11
       Dart              |       |    14 |     7 |    19 |    36 |    23 ||    99
Invok: Berserk           |     1 |     2 |     8 |    10 |    10 |     2 ||    33
       Trog's Hand       |       |     1 |       |     5 |     2 |     1 ||     9
       Brothers in Arms  |       |       |       |     1 |     5 |       ||     6
Evoke: Wand              |       |       |       |     6 |       |       ||     6
  Use: Scroll            |       |       |    19 |     7 |     3 |     1 ||    30
       Potion            |       |       |       |     1 |     1 |       ||     2
 Stab: Sleeping          |       |       |     3 |     9 |     9 |     1 ||    22
       Distracted        |       |       |       |       |     1 |     1 ||     2
Armor: Scale mail        |     8 |    51 |     8 |       |       |       ||    67
       Ring mail         |       |       |    80 |   114 |       |       ||   194
       Leather armour    |       |       |       |    63 |       |       ||    63
       Chain mail        |       |       |       |     2 |   391 |    67 ||   460
Dodge: Dodged            |    20 |    76 |   127 |   267 |   327 |    83 ||   900
Block: Kite shield       |       |       |       |       |   284 |   101 ||   385

Table legend: (Time is in decaauts)
 A = Elapsed time spent in this place.
 B = Non-inter-level travel time spent in this place.
 C = Inter-level travel time spent in this place.
 D = Time resting spent in this place.
 E = Time spent auto-exploring this place.
 F = Levels seen in this place.
 G = Mean time per level.
                   A        B        C        D        E       F      G
               +--------+--------+--------+--------+--------+-----+--------+
         Total |  23983 |  22147 |   1836 |   1501 |  16274 |  23 | 1042.7 |
       Dungeon |  14010 |  12866 |   1144 |    510 |  10158 |  13 | 1077.7 |
          Lair |   7193 |   6660 |    533 |    510 |   4608 |   6 | 1198.8 |
  Orcish Mines |   1335 |   1177 |    158 |     86 |    804 |   2 |  667.5 |
        Bailey |    792 |    792 |      0 |    169 |    465 |   1 |  792.0 |
      Gauntlet |    651 |    651 |      0 |    225 |    238 |   1 |  651.0 |
               +--------+--------+--------+--------+--------+-----+--------+

Top non-repeatable levels by time:
  Lair:3: 1882 daAuts
     D:5: 1587 daAuts
     D:9: 1320 daAuts
    D:10: 1294 daAuts
  Lair:5: 1250 daAuts
  Lair:6: 1238 daAuts
     D:3: 1178 daAuts
    D:11: 1104 daAuts
     D:8: 1098 daAuts
     D:7: 1051 daAuts
  Lair:1: 1016 daAuts
  Lair:4: 1015 daAuts
    D:12: 1014 daAuts
     D:1: 984 daAuts
     D:4: 928 daAuts
